AoeStats
← MokaPotShot

Arabia

507797765Analyzed
1v1 RM · 13d ago on Sep 19, 2026· 33m 27s· 2 players
Game mode
Random Map
Map size
Tiny (2 player)
Population
200
Speed
Normal
Resources
Standard
Victory
Conquest
Starting age
Dark Age
Ending age
Imperial Age
RankedLock teamsTeams togetherTeam positionsShared explorationLock speedFull tech treeHidden civsTurbo modeCheats
Victory
Defeat
🇧🇷 Goths · Brazil
993
+16
🇮🇹 Italians · Italy
998
-45
[LQE]Sun Tzu
0:30 Loom
10:37 Feudal Age
19:01 Castle Age
18:34 Double-Bit Axe
19:58 Squires
21:16 Forging
21:08 Scale Mail Armor
24:10 Horse Collar
26:25 Wheelbarrow
27:05 Gold Mining
32:21 Imperial Age
30:12 Chain Mail Armor
31:55 Heavy Plow
32:46 Iron Casting
33:03 Hand Cart
33:17 Anarchy
MokaPotShot
7:25 Loom
10:20 Feudal Age
18:11 Castle Age
16:49 Horse Collar
17:35 Fletching
17:48 Double-Bit Axe
19:13 Heavy Plow
19:31 Crossbowman
20:14 Padded Archer Armor
22:11 Wheelbarrow
24:19 Bodkin Arrow
26:47 Elite Skirmisher
27:33 Thumb Ring
27:46 Leather Archer Armor
29:06 Man-at-Arms
32:30 Imperial Age
Connection lost

Rejoining the realm…

Still unreachable

The connection could not be restored.

Session expired

The server has moved on; the page needs a fresh start.